 Dungeon Crawl Stone Soup version 0.28.0-49-g6dfe1f597d (webtiles) character file.

Game seed: 16729464573955108232

2001 Zeld the Conjurer (level 9, -2/75 HPs)
             Began as a Grey Draconian Conjurer on May 16, 2022.
             Was a Follower of Sif Muna.
             Slain by a vampire (7 damage)
             ... on level 6 of the Dungeon.
             The game lasted 00:07:43 (8133 turns).

Zeld the Conjurer (Grey Draconian Conjurer)         Turns: 8133, Time: 00:07:43

Health: -2/75      AC: 15    Str: 11    XL:     9   Next: 2%
Magic:  17/17      EV: 12    Int: 22    God:    Sif Muna [*.....]
Gold:   281        SH:  0    Dex:  9    Spells: 7/18 levels left

rFire   . . .      SeeInvis .   e - +1 dagger (venom)
rCold   . . .      Faith    .   (no shield)
rNeg    . . .      Spirit   .   (armour unavailable)
rPois   .          Reflect  .   (helmet restricted)
rElec   .          Harm     .   j - +0 cloak
rCorr   .          Rampage  .   q - +0 pair of gloves
Will    .....                   h - +0 pair of boots
Stlth   +.........              (no amulet)
HPRegen 0.22/turn               (no ring)
MPRegen 0.15/turn               (no ring)

@: confused
A: AC +12, amphibious, unfitting armour, cold-blooded
a: Renounce Religion, Channel Magic


You were on level 6 of the Dungeon.
You worshipped Sif Muna.
Sif Muna was aware of your devotion.
You visited 2 branches of the dungeon, and saw 7 of its levels.

You collected 281 gold pieces.

Inventory:

Hand Weapons
 e - a +1 dagger of venom (weapon)
Armour
 h - a +0 pair of boots (worn)
 j - a +0 cloak (worn)
 q - a +0 pair of gloves (worn)
 v - a +2 kite shield
Wands
 g - a wand of flame (29)
 r - a wand of mindburst (17)
Scrolls
 a - 2 scrolls of fog {unknown}
 c - a scroll of vulnerability {unknown}
 k - 4 scrolls of identify {unknown}
 m - 2 scrolls of amnesia {unknown}
 n - a scroll of immolation {unknown}
 o - 2 scrolls of teleportation {unknown}
 p - 3 scrolls of enchant armour {unknown}
 u - a scroll of noise {unknown}
 w - a scroll of enchant weapon {unknown}
 x - a scroll of blinking {unknown}
Potions
 b - a potion of curing {unknown}
 d - 3 potions of ambrosia {unknown}
 f - a potion of haste {unknown}
 i - 3 potions of heal wounds {unknown}
 l - a potion of lignification {unknown}
 s - a potion of resistance {unknown}
 t - a potion of magic {unknown}


   Skills:
 * Level 6.1 Fighting
 + Level 3.8 Dodging
 + Level 4.1 Stealth
 * Level 5.4 Spellcasting
 * Level 7.0 Conjurations
 - Level 2.0 Hexes
 - Level 2.0 Translocations


You had 7 spell levels left.
You knew the following spells:

 Your Spells              Type           Power      Damage    Failure   Level
a - Magic Dart            Conj           100%       1d8       1%          1
b - Searing Ray           Conj           72%        2d7       1%          2
c - Fulminant Prism       Conj/Hex       12%        3d9       16%         4
d - Iskenderun's Mystic   Conj/Tloc      25%        2d7       16%         4

Your spell library contained the following spells:

 Spells                   Type           Power      Damage    Failure   Level
 Dazzling Flash           Conj/Hex       50%        N/A       4%          3
 Mephitic Cloud           Conj/Pois/Air  16%        N/A       11%         3
 Tukima's Dance           Hex            14%        N/A       13%         3
 Ozocubu's Armour         Ice            6%         N/A       28%         3
 Spider Form              Tmut/Pois      6%         N/A       28%         3
 Passage of Golubria      Tloc           14%        N/A       38%         4
 Metabolic Englaciation   Hex/Ice        5%         N/A       87%         5
 Yara's Violent Unravell  Hex/Tmut       5%         3d4       87%         5
 Simulacrum               Ice/Necr       3%         N/A       100%        6
 Storm Form               Tmut/Air       3%         N/A       100%        7


Dungeon Overview and Level Annotations

Branches:
Dungeon (6/15)             Temple (1/1) D:5

Altars:
Cheibriados
Elyvilon
Fedhas
Kikubaaqudgha
Nemelex Xobeh
Okawaru
Qazlal
Ru
Sif Muna
Trog
Uskayaw
Vehumet
Zin
The Shining One

Shops:
D:2 :   D:5 :


Innate Abilities, Weirdness & Mutations

Your dull iron-grey scales are very hard. (AC +12)
You are amphibious.
You cannot fit into any form of body armour.
You are cold-blooded and may be slowed by cold attacks.


Message History

Reactivating autopickup.
You bump into the rock wall.
You are too confused!
You bump into the rock wall.
The vampire casts a spell at you.
You are more confused.
You bump into the rock wall.
The vampire barely misses you.
The vampire bites you but does no damage.
You bump into the rock wall.
The vampire barely misses you.
The vampire bites you but does no damage.
You bump into the rock wall.
The vampire hits you but does no damage.
The vampire barely misses you.
You bump into the rock wall.
The vampire completely misses you. The vampire bites you!
* * * LOW HITPOINT WARNING * * *
The vampire draws strength from your injuries!
You're too confused to move!
The vampire hits you.
* * * LOW HITPOINT WARNING * * *
The vampire bites you but does no damage.
You bump into the rock wall.
The vampire misses you. The vampire bites you.
* * * LOW HITPOINT WARNING * * *
The vampire draws strength from your injuries!
You bump into the rock wall.
The vampire misses you. The vampire barely misses you.
You bump into the rock wall.
The vampire completely misses you. The vampire closely misses you.
You bump into the rock wall.
The vampire hits you but does no damage.
The vampire bites you but does no damage.
You're too confused to move!
The vampire completely misses you.
The vampire bites you but does no damage.
You're too confused to move!
The vampire hits you.
* * * LOW HITPOINT WARNING * * *
The vampire bites you.
* * * LOW HITPOINT WARNING * * *
The vampire draws strength from your injuries!
You bump into the rock wall.
The vampire hits you!
You die...

##.# #.# #..####.##...
##.# #.# #........[...
.#.#### #.#
#.#####.#.#..
.⌠....###.# #.#
##.###. _...#.....#
#.# ##.#.. .⌠#.#..####
#.########... .##.#..#
#...........# .##.#..#
####################.#
..#.#..# #...V@..# #.#
#.#.#..# #.#####.# #.#
#.#.#..# #.# #)# ###.#
#.#.#..# #.# #.# #....
#.#.#..# #.# #.#
##.### #.#.#..# #.#
#.# #..# # ..#.#.##
#.# #.# #..### ###.#.#
###.### #)# ##.....
#.#.# #.....# #.#
#####...#.#


You could see a vampire.

Vanquished Creatures
  Sigmund (D:4)
  A shadow (D:5)
  An orc warrior (D:6)
  A sky beast (D:6)
  An ice beast (D:6)
  4 centaurs
  A kobold brigand (D:6)
  3 scorpions
  2 gnoll sergeants (D:5)
  A wyvern zombie (D:6)
  A water moccasin skeleton (D:4)
  A gnoll shaman (D:5)
  3 hounds
  4 jellies
  An orc priest (D:6)
  Terence (D:2)
  An iguana (D:5)
  An orc wizard (D:6)
  A hound zombie (D:5)
  10 gnolls
  Robin (D:4)
  7 adders
  2 white imps (D:6)
  A worm (D:5)
  A dart slug (D:2)
  9 orcs
  9 ball pythons
  5 bats
  4 endoplasms
  13 goblins
  12 hobgoblins
  14 kobolds
  A quokka (D:1)
  3 frilled lizards
  3 rats
125 creatures vanquished.

Vanquished Creatures (others)
  20 plants (D:4)
20 creatures vanquished.

Grand Total: 145 creatures vanquished

Notes
Turn   | Place    | Note
-------+----------+-------------------------------------------
     0 | D:1      | Zeld the Draconian Conjurer began the quest for the Orb.
     0 | D:1      | Reached XP level 1. HP: 14/14 MP: 3/3
   274 | D:1      | Found a faded altar of an unknown god.
   293 | D:1      | Reached XP level 2. HP: 22/22 MP: 1/5
   296 | D:1      | Learned a level 2 spell: Searing Ray
   397 | D:2      | Found Unwux's Book Shop.
   502 | D:3      | Reached skill level 1 in Fighting
   814 | D:3      | Reached XP level 3. HP: 28/28 MP: 0/6
  1244 | D:4      | Noticed Sigmund
  1254 | D:4      | Killed Sigmund
  1255 | D:4      | Reached XP level 4. HP: 14/37 MP: 1/8
  1255 | D:4      | Reached XP level 5. HP: 17/44 MP: 1/9
  1457 | D:4      | Reached skill level 5 in Conjurations
  1457 | D:4      | Found a shimmering blue altar of Sif Muna.
  1464 | D:4      | Reached XP level 6. HP: 35/51 MP: 9/11
  1475 | D:4      | Became a worshipper of Sif Muna the Loreminder
  2394 | D:2      | Noticed Terence
  2404 | D:2      | Killed Terence
  3471 | D:4      | Noticed Robin
  3484 | D:4      | Killed Robin
  3499 | D:4      | Reached * piety under Sif Muna
  3998 | D:4      | Found a white marble altar of Elyvilon.
  4572 | D:5      | Entered Level 5 of the Dungeon
  4586 | D:5      | Found Lepomihu's Book Boutique.
  4593 | D:5      | Noticed a shadow
  4603 | D:4      | Your scales start taking on a dull iron-grey colour.
  4603 | D:4      | Reached XP level 7. HP: 33/58 MP: 1/12
  4779 | D:5      | Learned a level 4 spell: Fulminant Prism
  4795 | D:5      | Learned a level 4 spell: Iskenderun's Mystic Blast
  4841 | D:5      | Killed a shadow
  4936 | D:5      | Identified the +11 hunting sling "Huntarej" {flame, rF+
                  | SInv}
  5285 | D:5      | Reached skill level 1 in Hexes
  5285 | D:5      | Reached skill level 1 in Translocations
  5368 | D:5      | Reached skill level 6 in Conjurations
  5368 | D:5      | Reached XP level 8. HP: 51/67 MP: 14/14
  5841 | D:5      | Reached skill level 5 in Fighting
  6038 | D:5      | Found a staircase to the Ecumenical Temple.
  6179 | Temple   | Entered the Ecumenical Temple
  7210 | D:6      | Reached skill level 5 in Spellcasting
  7376 | D:6      | Found a sparkling altar of Nemelex Xobeh.
  7878 | D:6      | Got Eringya's Papyrus of Mutagenic Intoxication
  8070 | D:6      | Reached skill level 7 in Conjurations
  8070 | D:6      | Reached XP level 9. HP: 49/75 MP: 8/17
  8133 | D:6      | Slain by a vampire

Illustrated notes

Levels and vault maps discovered:
D:1:      ncdulo_halloftheorcs, layout_basic,
          hellmonk_ecumenical_altar_lost_god, st_stairs_7
D:2:      layout_basic, serial_shops, nicolae_shop_advertising_works
          [nicolae_subvault_shop_adworks], uniq_terence
D:3:      layout_rooms, minmay_misc_feat_tower
D:4:      nicolae_cairo_tiling_very_big, layout_basic,
          mainiacjoe_overflow_cross_hatched, elyvilon_altar_5, serial_bayou,
          serial_bayou_shore_b, serial_bayou_pond_d, serial_bayou_lagoon_a,
          serial_bayou_ford_a, uniq_sigmund, uniq_robin
D:5:      layout_cave_pools, minmay_temple_entry_offerings, serial_gnoll_camp,
          gnoll_camp_mini_shop, gnoll_camp_mini_sergeant, gnoll_camp_mini_hut,
          gnoll_camp_mini_hut, gnoll_camp_mini_house
D:6:      layout_loops_ring, nemelex_xobeh_ov_fountains_minmay,
          kennysheep_generic_room_8
Temple:   minmay_temple_curvy_loop

Skill      XL: |  1  2  3  4  5  6  7  8 |
---------------+-------------------------+-----
Fighting       | 1 2 3 4 6 |  6.1
Stealth        | 2 3 4 |  4.1
Dodging        | 2 3 |  3.8
Spellcasting   | 3 4 5 |  5.4
Conjurations   | 5 6 7 |  7.0
Hexes          | 1 2 |  2.0
Translocations | 1 2 |  2.0

Action                   |  1- 3 |  4- 6 |  7- 9 || total
-------------------------+-------+-------+-------++-------
Melee: Unarmed           |    40 |       |       ||    40
       Tailslap          |    12 |    15 |    47 ||    74
       Dagger            |    17 |   156 |   248 ||   421
       Punch             |     1 |     3 |     8 ||    12
 Cast: Magic Dart        |    39 |       |       ||    39
       Searing Ray       |     1 |     6 |     9 ||    16
 Stab: Sleeping          |       |     3 |     3 ||     6
       Distracted        |       |       |     1 ||     1
Armor: Skin              |    17 |    62 |   163 ||   242
Dodge: Dodged            |    50 |   122 |   183 ||   355
